 Dungeon Crawl Stone Soup version 0.32-a0-616-g9348d4545b (webtiles) character file.

Game seed: 5210009580423218339

17831 ytrimaz the Cleaver (level 12, 0/103 HPs)
             Began as a Coglin Berserker on Mar 6, 2024.
             Was an Elder of Trog.
             Succumbed to an orange demon's poison
             ... on level 13 of the Dungeon.
             The game lasted 00:12:15 (11843 turns).

ytrimaz the Cleaver (Coglin Berserker)             Turns: 11843, Time: 00:12:15

Health: 0/103      AC: 28    Str: 22    XL:     12   Next: 52%
Magic:  12/12      EV:  7    Int:  6    God:    Trog [****..]
Gold:   1004       SH:  0    Dex: 15    Spells: 11/11 levels left

rFire   . . .        i - +0 war axe {Natsumi}
rCold   . . .        g - +2 flail (protect) {Pancho}
rNeg    . . .        e - +2 plate armour {rPois}
rPois   +            E - +0 helmet
rElec   .            v - +1 cloak
rCorr   .            (no gloves)
SInv    .            f - +0 pair of boots
Will    ++...        (amulet unavailable) Stlth
                     (ring unavailable)
HPRegen 1.37/turn    (ring unavailable)
MPRegen 0.13/turn    (no gizmo)

%: no passive effects
@: lethally poisoned (0 -> -4), strong-willed, under a protective aura, on
berserk cooldown, regenerating, slowed, studying Fighting, revved, very slow
A: off-hand wielding, slow wielding, warmup strikes, no jewellery
a: Invent Gizmo, Renounce Religion, Berserk, Trog's Hand, Brothers in Arms


You were on level 13 of the Dungeon.
You worshipped Trog.
Trog was greatly pleased with you.
You visited 2 branches of the dungeon, and saw 14 of its levels.

You collected 1004 gold pieces.


Innate Abilities, Weirdness & Mutations

You can wield a second weapon in your off-hand.
It takes a long time for you to wield or remove held weapons.
Your first few attacks do less damage.
You cannot equip rings or amulets.


   Skills:
 + Level 12.6 Fighting
 + Level 13.7 Axes
 - Level 10.0 Armour
 - Level 1.7 Dodging
 - Level 9.0 Evocations


You had 11 spell levels left.
You didn't know any spells.
Your spell library was empty.

Inventory:

Hand Weapons
 a - a +0 hand axe {Clara}
 g - a +2 flail of protection (offhand) {Pancho}
   (You found it on level 1 of the Dungeon)
 i - a +0 war axe (weapon) {Natsumi}
   (You found it on level 2 of the Dungeon)
 o - a +0 war axe
   (You took it off an orc on level 4 of the Dungeon)
Missiles
 p - a throwing net
Armour
 e - a +2 plate armour of poison resistance (worn)
   (You found it on level 1 of the Dungeon)
 f - a +0 pair of boots (worn)
   (You found it on level 1 of the Dungeon)
 v - a +1 cloak (worn)
   (You found it on level 5 of the Dungeon)
 E - a +0 helmet (worn)
   (You found it on level 10 of the Dungeon)
Wands
 c - a wand of polymorph (18)
   (You found it on level 7 of the Dungeon)
 n - a wand of flame (16) (quivered)
   (You took it off Blork the orc on level 4 of the Dungeon)
 r - a wand of charming (3)
   (You took it off Jeremiah on level 7 of the Dungeon)
 F - a wand of roots (10)
   (You took it off an orc priest on level 10 of the Dungeon)
 G - a wand of mindburst (9)
   (You found it on level 11 of the Dungeon)
Scrolls
 h - a scroll of silence {unknown}
 j - 6 scrolls of immolation
 u - 4 scrolls of blinking
 x - 3 scrolls of teleportation
 y - 2 scrolls of revelation
 z - a scroll of fog
 B - a scroll of enchant weapon
 C - 3 scrolls of poison
 D - a scroll of fear
 H - a scroll of identify
Potions
 b - 4 potions of enlightenment
 d - 2 potions of lignification
 k - a potion of berserk rage {unknown}
 l - 2 potions of attraction
 m - 2 potions of haste
 q - 2 potions of heal wounds
 s - 2 potions of cancellation
 t - a potion of brilliance
 w - a potion of might {unknown}
 A - 4 potions of curing

Dungeon Overview and Level Annotations

Branches:
Dungeon (13/15) Zot: 26618  Temple (1/1) D:5 Zot: 5979    Lair (0/5) D:10
    Orc (0/2) D:9
 Vaults: D:13-14

Altars:
Ashenzari
Cheibriados
Dithmenos
Elyvilon
Fedhas
Gozag
Hepliaklqana
Kikubaaqudgha
Makhleb
Nemelex Xobeh
Okawaru
Qazlal
Ru
Sif Muna
Trog
Uskayaw
Vehumet
Wu Jian
Xom
Yredelemnul
Zin
The Shining One

Shops:
D:9 (

Portals:
Trove: D:10 (show abyssal rune of Zot)

Annotations:
D:12 2 transporters, ytrimaz's ghost, journeyman CoBe

######..########
#.........# #
######.......... ).
..............## ...
...###........# .. .
#........#
#.#######.^......#
#ยงยงยง#............#
#.)@############
#####


There were no monsters in sight!


Message History

The orange demon stings you but does no damage. ๐Ÿ˜จ HP[+1] Unknown command.
You slash Frances with your +0 war axe!
You barely miss the ufetubus with your +0 war axe.
You completely miss the ynoxinul with your +0 war axe.
You hit Frances with your +2 flail of protection.
Frances completely misses you. The orange demon stings you from afar.
* * * LOW HITPOINT WARNING * * *
The ufetubus hits you but does no damage. x2
The ynoxinul hits you but does no damage. ๐Ÿ˜จ HP[-2]
You take 2 damage, and now have 44/153 hp.
You sock Frances with your +2 flail of protection!
You slash Frances with your +0 war axe!
You slash the ynoxinul with your +0 war axe!
You barely miss the ufetubus with your +0 war axe.
Frances hits you with a +2 vampiric battleaxe!
* * * LOW HITPOINT WARNING * * *
Unknown command. ๐Ÿ˜ฑ HP[-14]
You take 14 damage, and now have 30/153 hp.
You hit Frances with your +0 war axe.
You barely miss the ynoxinul with your +0 war axe.
You slash the ufetubus with your +0 war axe!
You kill the ufetubus!
The ufetubus disappears in a puff of smoke!
You barely miss Frances with your +2 flail of protection.
The ynoxinul hits you but does no damage.
The orange demon stings you but does no damage.
Frances hits you but does no damage. ๐Ÿ˜ฑ HP[+1]
You barely miss Frances with your +0 war axe.
You closely miss the ynoxinul with your +0 war axe.
You hit Frances but do no damage.
Unknown command. ๐Ÿ˜ฑ HP[+1]
You hit Frances but do no damage.
You completely miss the ynoxinul with your +0 war axe.
You bludgeon Frances with your +2 flail of protection!!
Frances hits you with a +2 vampiric battleaxe.
* * * LOW HITPOINT WARNING * * *
Frances draws strength from your wounds!
The ynoxinul hits you but does no damage.
The ynoxinul gestures.
The orange demon misses you. ๐Ÿ˜ฑ HP[-4]
You take 4 damage, and now have 28/153 hp.
Unknown command.
You slash Frances with your +0 war axe!
You slash the ynoxinul with your +0 war axe!
You closely miss Frances with your +2 flail of protection.
Frances hits you with a +2 vampiric battleaxe!
* * * LOW HITPOINT WARNING * * *
The orange demon stings you from afar.
* * * LOW HITPOINT WARNING * * *
You are lethally poisoned!
The orange demon poisons you!
The ynoxinul hits you but does no damage. ๐Ÿ˜ฑ HP[-18]
You take 18 damage, and now have 10/153 hp.
You slash Frances with your +0 war axe!
You slash the ynoxinul with your +0 war axe!
You kill the ynoxinul!
The ynoxinul disappears in a puff of smoke!
The ufetubus disappears in a puff of smoke!
You sock Frances with your +2 flail of protection!
* * * LOW HITPOINT WARNING * * *
You feel very sick.
Frances hits you but does no damage. ๐Ÿ˜ฑ HP[-3]
You take 3 damage, and now have 7/153 hp.
You hit Frances with your +0 war axe.
You thump Frances with your +2 flail of protection!
You kill Frances!
Trog accepts your kill.
Trog appreciates your killing of a magic user.
The orange demon disappears in a puff of smoke!
The ynoxinul disappears in a puff of smoke!
The ufetubus disappears in a puff of smoke!
* * * LOW HITPOINT WARNING * * *
You feel very sick. ๐Ÿ˜ฑ HP[-2]
You now have 154 max hp (+1).
You take 2 damage, and now have 5/154 hp.
Unknown command.
Unknown command.
Unknown command.
You are too berserk!
Unknown command.
* * * LOW HITPOINT WARNING * * *
You feel very sick. ๐Ÿ˜ฑ HP[-2]
You take 2 damage, and now have 3/154 hp.
Unknown command.
You feel a strong urge to attack something.
You are no longer berserk.
You are exhausted.
You feel yourself slow down.
You die...

Skill      XL: |  1  2  3  4  5  6  7  8  9 10 11 12 |
---------------+-------------------------------------+-----
Armour         | 2 3 4 5 7 8 9 10 | 10.0
Axes           | 4 5 6 8 9 11 12 13 | 13.7
Evocations     | 2 6 8 9 |  9.0
Fighting       | 4 10 12 | 12.6
Dodging        | |  1.7

Action                     |  1- 3 |  4- 6 |  7- 9 | 10-12 || total
---------------------------+-------+-------+-------+-------++-------
  Melee: Hand axe          |    59 |    77 |   168 |       ||   304
         Dagger            |    29 |       |       |       ||    29
         Flail             |    35 |    86 |   194 |   414 ||   729
         War axe           |       |       |    15 |   428 ||   443
 Invoke: Berserk           |     1 |     3 |     2 |     5 ||    11
         Trog's Hand       |       |       |     1 |     4 ||     5
         Brothers in Arms  |       |       |       |     3 ||     3
  Evoke: Wand              |       |       |     3 |    16 ||    19
    Use: Potion            |     1 |       |     1 |     1 ||     3
         Scroll            |       |     2 |     7 |    13 ||    22
   Stab: Invisible         |       |       |     4 |       ||     4
 Armour: Animal skin       |     9 |       |       |       ||     9
         Plate armour      |    60 |    99 |   247 |   604 ||  1010
  Dodge: Dodged            |    39 |    43 |    82 |   165 ||   329

Levels and vault maps discovered:
D:1:      lightli_arrival_flooded_house, layout_basic
D:2:      layout_basic, uniq_robin
D:3:      layout_loops_ring, old_standard_altar
D:4:      layout_gridville, mainiacjoe_overflow_boulevard,
          mainiacjoe_overflow_concentric_impassable, uniq_grinder, uniq_ijyb,
          uniq_blork_the_orc
D:5:      layout_basic, nicolae_overflow_macrodata_refinement,
          gammafunk_temple_overflow_statue, minmay_temple_entry_slanted,
          kennysheep_generic_room_12
D:6:      layout_loops_ring, tso_altar, yredelemnul_altar_generic,
          cheibriados_altar_1, uniq_eustachio, uniq_duvessa, uniq_sigmund
D:7:      layout_cave_pools, amcnicky_altar_gilded, minmay_bent, uniq_jeremiah
D:8:      layout_loops_ring, mainiacjoe_overflow_small_starburst, uniq_psyche
D:9:      layout_gridville, orc_david_3
D:10:     layout_rooms, erik_lair_dragon, enter_trove_1,
          wad_floor_pattern_untrapped
D:11:     layout_roguey
D:12:     layout_rooms, gammafunk_ghost_berserking_beasts
D:13:     layout_rooms, serial_glass, glass_columns_b, glass_columns_a,
          mikee_hates_you, uniq_urug, uniq_frances
Temple:   nicolae_temple_ecumenical_triangle

Notes
Turn   | Place    | Note
-------+----------+-------------------------------------------
     0 | D:1      | ytrimaz the Coglin Berserker began the quest for the Orb.
     0 | D:1      | Reached XP level 1. HP: 18/18 MP: 1/1
     0 | D:1      | magus.rc [v1.9.6]
   129 | D:1      | Reached XP level 2. HP: 24/24 MP: 2/2
   146 | D:1      | Reached skill level 2 in Armour
   428 | D:1      | Reached ** piety under Trog
   454 | D:1      | Reached XP level 3. HP: 29/29 MP: 3/3
   724 | D:2      | Reached skill level 4 in Axes
   727 | D:2      | Noticed Robin
   738 | D:2      | Killed Robin
   739 | D:2      | Reached XP level 4. HP: 29/35 MP: 4/4
   917 | D:2      | Reached skill level 3 in Armour
  1304 | D:2      | Reached XP level 5. HP: 41/41 MP: 5/5
  1669 | D:3      | Found a bloodstained altar of Trog.
  1819 | D:3      | Reached *** piety under Trog
  2120 | D:4      | Noticed Blork the orc
  2129 | D:4      | Killed Blork the orc
  2130 | D:4      | Reached skill level 5 in Axes
  2255 | D:4      | Reached skill level 4 in Armour
  2255 | D:4      | Reached XP level 6. HP: 47/47 MP: 6/6
  2416 | D:4      | Found an ornate altar of the Wu Jian Council.
  2499 | D:4      | Found an opulent altar of Gozag.
  2594 | D:4      | Reached XP level 7. HP: 52/52 MP: 7/7
  2596 | D:4      | Reached skill level 6 in Axes
  2609 | D:4      | Reached skill level 5 in Armour
  2806 | D:4      | Noticed Ijyb
  2814 | D:4      | Killed Ijyb
  2995 | D:4      | Noticed Grinder
  2995 | D:4      | Paralysed by Grinder for 5 turns
  3003 | D:4      | Paralysed by Grinder for 3 turns
  3016 | D:4      | Paralysed by Grinder for 2 turns
  3019 | D:4      | Killed Grinder
  3020 | D:4      | Reached skill level 2 in Evocations
  3206 | D:5      | Entered Level 5 of the Dungeon
  3217 | D:5      | Reached XP level 8. HP: 49/58 MP: 8/8
  3409 | D:5      | Found a staircase to the Ecumenical Temple.
  3417 | D:5      | Reached skill level 3 in Evocations
  3443 | Temple   | Entered the Ecumenical Temple
  3472 | D:5      | Found a hide-covered altar of Uskayaw.
  3481 | D:5      | Reached skill level 7 in Axes
  3481 | D:5      | Found an iron altar of Okawaru.
  3500 | D:5      | Found a stormy altar of Qazlal.
  3519 | D:5      | Found a sparkling altar of Nemelex Xobeh.
  3578 | D:5      | Reached skill level 6 in Armour
  3640 | D:5      | Reached skill level 4 in Evocations
  3658 | D:5      | Found a blossoming altar of Fedhas.
  3658 | D:5      | Found a broken altar of Ashenzari.
  4065 | D:5      | Reached skill level 5 in Evocations
  4145 | D:6      | Noticed a two-headed ogre
  4145 | D:6      | Found a snail-covered altar of Cheibriados.
  4146 | D:6      | Noticed Eustachio
  4162 | D:6      | Killed a two-headed ogre
  4163 | D:6      | Reached skill level 8 in Axes
  4163 | D:6      | Reached skill level 7 in Armour
  4163 | D:6      | Reached skill level 6 in Evocations
  4163 | D:6      | Reached XP level 9. HP: 63/63 MP: 9/9
  4169 | D:6      | Killed Eustachio
  4215 | D:6      | Reached skill level 7 in Evocations
  4466 | D:6      | Reached **** piety under Trog
  4476 | D:6      | Noticed Dowan
  4477 | D:6      | Noticed Duvessa
  4483 | D:6      | Killed Dowan
  4484 | D:6      | Killed Duvessa
  4549 | D:6      | Noticed Sigmund
  4572 | D:6      | Killed Sigmund
  4573 | D:6      | Reached skill level 9 in Axes
  4696 | D:6      | Found a glowing golden altar of the Shining One.
  4829 | D:6      | Identified a scroll of acquirement
  4829 | D:6      | Acquired a manual of Fighting
  4857 | D:6      | Found a basalt altar of Yredelemnul.
  4875 | D:6      | Reached skill level 8 in Evocations
  4936 | D:7      | Noticed Jeremiah
  4951 | D:7      | Found a radiant altar of Vehumet.
  5042 | D:7      | Reached skill level 8 in Armour
  5042 | D:7      | Reached XP level 10. HP: 41/70 MP: 10/10
  5152 | D:7      | Killed Jeremiah
  5325 | D:7      | Reached skill level 9 in Evocations
  5326 | D:7      | HP: 15/97 [wight/+0 heavy falchion (10)]
  5618 | D:7      | Noticed a kobold demonologist
  5626 | D:7      | Killed a kobold demonologist
  5649 | D:7      | Reached skill level 10 in Axes
  6175 | D:8      | Noticed a boulder beetle
  6203 | D:8      | Killed a boulder beetle
  6204 | D:8      | Reached skill level 9 in Armour
  6628 | D:8      | Noticed Psyche
  6636 | D:8      | Killed Psyche
  6637 | D:8      | Reached skill level 4 in Fighting
  6637 | D:8      | Reached skill level 11 in Axes
  6637 | D:8      | Reached XP level 11. HP: 75/77 MP: 11/11
  6644 | D:8      | Found a white marble altar of Elyvilon.
  7154 | D:8      | Reached skill level 5 in Fighting
  7261 | D:9      | Found Miz Ruza's Weapon Shop.
  7264 | D:9      | Found a staircase to the Orcish Mines.
  7825 | D:9      | Reached skill level 10 in Armour
  8004 | D:9      | Reached skill level 6 in Fighting
  8483 | D:10     | Entered Level 10 of the Dungeon
  8539 | D:10     | Noticed a two-headed ogre
  8548 | D:10     | Killed a two-headed ogre
  8549 | D:10     | Reached skill level 7 in Fighting
  8796 | D:10     | Reached skill level 8 in Fighting
  8833 | D:10     | Noticed a two-headed ogre
  8853 | D:10     | Reached skill level 12 in Axes
  8858 | D:10     | Killed a two-headed ogre
  8859 | D:10     | Found a staircase to the Lair.
  9018 | D:10     | Found a portal to a secret trove of treasure.
  9256 | D:10     | Reached skill level 9 in Fighting
 10341 | D:11     | Noticed a cyclops
 10345 | D:11     | Killed a cyclops
 10455 | D:11     | Noticed a manticore
 10461 | D:11     | Killed a manticore
 10462 | D:11     | Reached skill level 10 in Fighting
 10813 | D:12     | Noticed a cyclops
 10822 | D:12     | Killed a cyclops
 10823 | D:12     | Reached XP level 12. HP: 85/97 MP: 12/12
 11084 | D:12     | Found a transporter.
 11091 | D:12     | Noticed a fire dragon
 11091 | D:12     | Noticed ytrimaz's ghost (journeyman CoBe)
 11138 | D:12     | Found a transporter.
 11140 | D:12     | Noticed a catoblepas
 11175 | D:12     | Noticed a two-headed ogre
 11186 | D:12     | Killed a two-headed ogre
 11187 | D:12     | Reached skill level 11 in Fighting
 11187 | D:12     | Reached skill level 13 in Axes
 11457 | D:13     | Noticed a boulder beetle
 11473 | D:13     | Noticed Frances
 11473 | D:13     | Noticed an eight-headed hydra
 11545 | D:13     | Noticed a centaur warrior
 11557 | D:13     | Killed a centaur warrior
 11731 | D:13     | Killed an eight-headed hydra
 11732 | D:13     | Reached skill level 12 in Fighting
 11835 | D:13     | HP: 30/153 [Frances/+2 vampiric battleaxe (15)]
 11839 | D:13     | HP: 10/153 [orange demon[Frances] (6)]
 11841 | D:13     | Killed Frances
 11841 | D:13     | HP: 4/153 [poisoned by an orange demon]
 11843 | D:13     | Succumbed to an orange demon's poison

Vanquished Creatures
  Frances (D:13)
  A centaur warrior (D:13)
  A boulder beetle (D:8)
  4 two-headed ogres
  A deep elf pyromancer (D:12)
  2 manticores
  3 cyclopes
  A gargoyle (D:8)
  A kobold demonologist (D:7)
  Psyche (D:8)
  Jeremiah (D:7)
  A komodo dragon (D:10)
  A troll (D:9)
  A hornet (D:9)
  Grinder (D:4)
  Sigmund (D:6)
  A vampire (D:7)
  5 wraiths
  3 wyverns
  A basilisk (D:10)
  Eustachio (D:6)
  A steam dragon (D:8)
  3 acid dragons
  2 water moccasins
  Duvessa (D:6)
  A black bear (D:6)
  2 swamp drakes
  2 ice beasts
  8 orc warriors
  2 sky beasts (D:7)
  2 ogres
  9 centaurs
  3 phantoms
  3 kobold brigands
  Blork the orc (D:4)
  A gnoll sergeant (D:6)
  3 scorpions
  3 bullfrogs
  9 wights
  Dowan (D:6)
  10 killer bees
  2 howler monkeys
  6 hounds
  2 jellies
  3 bombardier beetles
  A gnoll bouda (D:4)
  7 orc priests
  Ijyb (D:4)
  A sleepcap (D:6)
  4 iguanas
  8 orc wizards
  Robin (D:2)
  12 gnolls
  12 adders
  3 shadow imps
  A ribbon worm (D:5)
  3 dart slugs
  40 orcs
  6 bats
  8 endoplasms
  5 giant cockroaches
  15 goblins
  10 hobgoblins
  4 jackals (D:1)
  18 kobolds
  4 quokkas
  5 ball pythons
  3 frilled lizards (D:1)
  4 rats
289 creatures vanquished.

Vanquished Creatures (collateral kills)
  A hydra (D:13)
  An ugly thing (D:13)
  An orc warrior (D:8)
3 creatures vanquished.

Grand Total: 292 creatures vanquished

Table legend:
 A = Non-vault XP
 B = Vault XP
 C = Vault XP percentage of total XP
 D = Non-vault monster count
 E = Vault monster count
 F = Vault count percentage of total count
                 A         B        C        D         E       F
            +---------+---------+-------+---------+---------+-------
      Total |   20046 |    5428 |  21.3 |     250 |      42 |  14.4
            +---------+---------+-------+---------+---------+-------
        D:1 |      44 |       0 |   0.0 |      26 |       0 |   0.0
        D:2 |      89 |      37 |  29.4 |      23 |      12 |  34.3
        D:3 |      31 |       0 |   0.0 |      11 |       0 |   0.0
        D:4 |     561 |     406 |  42.0 |      28 |       3 |   9.7
        D:5 |     810 |      83 |   9.3 |      27 |       1 |   3.6
        D:6 |    1567 |     642 |  29.1 |      17 |       4 |  19.0
        D:7 |    1383 |    1074 |  43.7 |      22 |       8 |  26.7
        D:8 |    3024 |     358 |  10.6 |      29 |       1 |   3.3
        D:9 |    1988 |     406 |  17.0 |      24 |       8 |  25.0
       D:10 |    2481 |     894 |  26.5 |      11 |       4 |  26.7
       D:11 |    1985 |       0 |   0.0 |      14 |       0 |   0.0
       D:12 |    2836 |       0 |   0.0 |      10 |       0 |   0.0
       D:13 |    3247 |    1528 |  32.0 |       8 |       1 |  11.1
            +---------+---------+-------+---------+---------+-------

Skill      XL: |  1  2  3  4  5  6  7  8  9 10 11 12 |
---------------+-------------------------------------+-----
Armour         | 2 3 4 5 7 8 9 10 | 10.0
Axes           | 4 5 6 8 9 11 12 13 | 13.7
Evocations     | 2 6 8 9 |  9.0
Fighting       | 4 10 12 | 12.6
Dodging        | |  1.7

Action                     |  1- 3 |  4- 6 |  7- 9 | 10-12 || total
---------------------------+-------+-------+-------+-------++-------
  Melee: Hand axe          |    59 |    77 |   168 |       ||   304
         Dagger            |    29 |       |       |       ||    29
         Flail             |    35 |    86 |   194 |   414 ||   729
         War axe           |       |       |    15 |   428 ||   443
 Invoke: Berserk           |     1 |     3 |     2 |     5 ||    11
         Trog's Hand       |       |       |     1 |     4 ||     5
         Brothers in Arms  |       |       |       |     3 ||     3
  Evoke: Wand              |       |       |     3 |    16 ||    19
    Use: Potion            |     1 |       |     1 |     1 ||     3
         Scroll            |       |     2 |     7 |    13 ||    22
   Stab: Invisible         |       |       |     4 |       ||     4
 Armour: Animal skin       |     9 |       |       |       ||     9
         Plate armour      |    60 |    99 |   247 |   604 ||  1010
  Dodge: Dodged            |    39 |    43 |    82 |   165 ||   329

Illustrated notes

Table legend:
 A = Kills in this place as a percentage of kills in the entire game.
 B = Kills by you in this place as a percentage of kills by you in the entire game.
 C = Kills by friends in this place as a percentage of kills by friends in the entire game.
 D = Other kills in this place as a percentage of other kills in the entire game.
 E = Experience gained in this place as a percentage of experience gained in the entire game.
 F = Experience gained in this place divided by the number of levels of this place that you have seen.
                   A       B       C       D       E      F
               +-------+-------+-------+-------+-------+----------------------
         Total | 100.0 | 100.0 | 100.0 |   N/A | 100.0 | 1819.6
       Dungeon | 100.0 | 100.0 | 100.0 |   N/A | 100.0 | 1959.5
               +-------+-------+-------+-------+-------+----------------------

Table legend: (Time is in decaauts)
 A = Elapsed time spent in this place.
 B = Non-inter-level travel time spent in this place.
 C = Inter-level travel time spent in this place.
 D = Time resting spent in this place.
 E = Time spent auto-exploring this place.
 F = Levels seen in this place.
 G = Mean time per level.
                   A        B        C        D        E       F      G
               +--------+--------+--------+--------+--------+-----+--------+
         Total |  11978 |  11509 |    469 |    805 |   8613 |  14 |  855.6 |
       Dungeon |  11957 |  11492 |    465 |    805 |   8602 |  13 |  919.8 |
        Temple |     20 |     16 |      4 |      0 |     11 |   1 |   20.0 |
               +--------+--------+--------+--------+--------+-----+--------+

Top non-repeatable levels by time:
     D:9: 1244 daAuts
    D:10: 1201 daAuts
     D:7: 1186 daAuts
     D:8: 1168 daAuts
     D:4: 1115 daAuts
    D:11: 1036 daAuts
     D:5: 924 daAuts
     D:6: 815 daAuts
    D:12: 764 daAuts
     D:2: 736 daAuts
     D:1: 726 daAuts
     D:3: 683 daAuts
    D:13: 355 daAuts
  Temple: 20 daAuts
